 Dungeon Crawl Stone Soup version 0.27.0-1-g7a089689b8 (webtiles) character file.

Game seed: 13166165140851319809

1285 RedPan the Chiller (level 8, -3/54 HPs)
             Began as a Demonspawn Ice Elementalist on Aug 2, 2021.
             Was an Initiate of Kikubaaqudgha.
             Slain by a boulder beetle (12 damage)
             ... on level 6 of the Dungeon.
             The game lasted 00:24:42 (7718 turns).

RedPan the Chiller (Demonspawn Ice Elementalist)    Turns: 7718, Time: 00:24:43

Health: -3/54      AC: 16    Str: 11    XL:     8   Next: 29%
Magic:  0/15       EV: 10    Int: 19    God:    Kikubaaqudgha [......]
Gold:   69         SH:  6    Dex: 13    Spells: 10/17 levels left

rFire    . . .     SeeInvis .   q - +4 mace (flame)
rCold    + . .     Faith    .   i - +1 buckler
rNeg     . . .     Spirit   +   f - +0 swamp dragon scales
rPois    +         Reflect  .   d - +5 hat "Akediysa" {rCorr Str+2}
rElec    .         Harm     .   (no cloak)
rCorr    +         Rampage  .   (no gloves)
Will     .....                  k - +0 pair of boots
Stlth    +.........             x - amulet of magic regeneration
HPRegen  0.18/turn              g - ring of protection from cold
MPRegen  0.53/turn              m - ring of flight

@: ice-armoured, flying, very slightly contaminated, studying Maces & Flails
A: antennae 1, claws 1, hooves 1, magic shield, magic regeneration, magic link
a: Renounce Religion


You were on level 6 of the Dungeon.
You worshipped Kikubaaqudgha.
Kikubaaqudgha was noncommittal.
You visited 1 branch of the dungeon, and saw 6 of its levels.

You collected 318 gold pieces.
You spent 249 gold pieces at shops.

Inventory:

Hand Weapons
 q - a +4 mace of flaming (weapon)
Armour
 a - a +0 robe
 d - the +5 hat "Akediysa" (worn) {rCorr Str+2}
   (You acquired it on level 6 of the Dungeon)

   Str:       It affects your strength (+2).
   rCorr:     It protects you from acid and corrosion.
 f - +0 swamp dragon scales (worn)
 i - a +1 buckler (worn)
 k - a +0 pair of boots (worn)
Jewellery
 g - a ring of protection from cold (left claw)
 m - a ring of flight (right claw)
 x - an amulet of magic regeneration (around neck)
Wands
 s - a wand of polymorph (13)
 t - a wand of flame (11)
Scrolls
 c - 2 scrolls of teleportation
 j - 2 scrolls of magic mapping
 n - a scroll of enchant weapon
 p - a scroll of silence
 r - a scroll of brand weapon
 v - a scroll of identify
 w - a scroll of fear
Potions
 b - 3 potions of magic
 e - 2 potions of curing
 h - a potion of lignification
 l - a potion of heal wounds
 o - a potion of ambrosia
 u - a potion of might {unknown}


   Skills:
 + Level 1.5 Fighting
 + Level 2.2 Maces & Flails
 - Level 2.0 Dodging
 - Level 2.0 Stealth
 + Level 3.8 Shields
 - Level 5.0 Spellcasting
 - Level 3.0 Conjurations
 + Level 3.1 Necromancy
 + Level 5.9 Ice Magic


You had 10 spell levels left.
You knew the following spells:

 Your Spells              Type           Power      Damage    Failure   Level
a - Freeze                Ice            100%       1d11      2%          1
b - Frozen Ramparts       Ice            54%        1d7       9%          3
c - Ozocubu's Armour      Ice            27%        N/A       9%          3

Your spell library contained the following spells:

 Spells                   Type           Power      Damage    Failure   Level
 Pain                     Necr           64%        1d7       9%          1
 Corpse Rot               Necr/Air       N/A        N/A       26%         2
 Apportation              Tloc           8%         N/A       30%         1
 Hailstorm                Conj/Ice       21%        3d6       45%         4
 Dispel Undead            Necr           16%        3d10      65%         4
 Call Canine Familiar     Summ           4%         N/A       67%         3
 Inner Flame              Hex/Fire       4%         N/A       67%         3
 Portal Projectile        Hex/Tloc       8%         N/A       67%         3
 Ice Form                 Ice/Tmut       16%        N/A       67%         4
 Fulminant Prism          Conj/Hex       5%         3d7       86%         4
 Agony                    Necr           16%        N/A       94%         5
 Excruciating Wounds      Necr           8%         N/A       94%         5
 Leda's Liquefaction      Hex/Erth       2%         N/A       97%         4
 Irradiate                Conj/Tmut      5%         3d15      99%         5
 Alistair's Intoxication  Tmut/Pois      2%         N/A       100%        5
 Blade Hands              Tmut           2%         N/A       100%        5
 Summon Mana Viper        Hex/Summ       4%         N/A       100%        5
 Death Channel            Necr           8%         N/A       100%        6
 Invisibility             Hex            2%         N/A       100%        6
 Simulacrum               Ice/Necr       10%        N/A       100%        6
 Dragon Form              Tmut           2%         N/A       100%        7


Dungeon Overview and Level Annotations

Branches:
Dungeon (6/15)             Temple (0/1) D:6

Altars:
Dithmenos
Elyvilon
Fedhas
Kikubaaqudgha
Nemelex Xobeh

Shops:
D:4 !   D:5 =([?   D:6 *


Innate Abilities, Weirdness & Mutations

You have a pair of small antennae on your head.
You have sharp fingernails.
You have large cloven feet.
When hurt, damage is shared between your health and your magic reserves.
You regenerate magic rapidly.
When low on magic, you restore magic in place of health.


Message History

You freeze the boulder beetle!
The boulder beetle is almost dead.
The wall freezes the boulder beetle.
The boulder beetle bites you but does no damage.
Casting: Freeze (safe; 2% risk of failure)
Confirm with . or Enter, or press ? or * to list all spells.
Aiming: Freeze (safe; 2% risk of failure)
Press: ? - help, Shift-Dir - straight line, f/p - boulder beetle
Aim: a boulder beetle (almost dead)
You freeze the boulder beetle.
The boulder beetle is almost dead.
The wall freezes the boulder beetle.
You block the boulder beetle's attack.
Unknown command.
Casting: Freeze (safe; 2% risk of failure)
Confirm with . or Enter, or press ? or * to list all spells.
Aiming: Freeze (safe; 2% risk of failure)
Press: ? - help, Shift-Dir - straight line, f/p - boulder beetle
Aim: a boulder beetle (almost dead)
You freeze the boulder beetle.
The boulder beetle is almost dead.
The wall freezes the boulder beetle!
The boulder beetle bites you!!
* * * LOW HITPOINT WARNING * * *
Casting: Freeze (safe; 2% risk of failure)
Confirm with . or Enter, or press ? or * to list all spells.
Aiming: Freeze (safe; 2% risk of failure)
Press: ? - help, Shift-Dir - straight line, f/p - boulder beetle
Aim: a boulder beetle (almost dead)
You miscast Freeze.
You are very lightly contaminated with residual magic.
Nothing appears to happen.
The frozen ramparts melt away.
The boulder beetle bites you.
* * * LOW HITPOINT WARNING * * *
Casting: Freeze (safe; 2% risk of failure)
Confirm with . or Enter, or press ? or * to list all spells.
Aiming: Freeze (safe; 2% risk of failure)
Press: ? - help, Shift-Dir - straight line, f/p - boulder beetle
Aim: a boulder beetle (almost dead)
You miscast Freeze.
Nothing appears to happen.
The boulder beetle bites you!
You die...
Kikubaaqudgha rasps: "You have failed me!
Welcome... death!"

............ #. .#
####.###.#.. #.##.#
###.###.#.. ## #....#
#.......... . .#..#
#.....#.### .# ##...#
#.....#.#.. ##. #...#
#.....#.... .####.. #...#
#.....###.# .......###.B@#
##[..## #.# #...>..#..#.#
#.#.# #.#
#.......##.#######...####.#
##.##......................
##..##########...####.#
#..## #.......... ## ...##
#.....#...# .## #########
#...)###..# ..## #.....#
#....)#...#


You could see a boulder beetle.

Vanquished Creatures
  Maggie (D:6)
  A water moccasin (D:6)
  A necrophage (D:6)
  An ogre (D:5)
  A kobold brigand (D:6)
  A wyvern zombie (D:6)
  A water moccasin skeleton (D:4)
  A howler monkey (D:5)
  A bullfrog zombie (D:6)
  2 hounds (D:6)
  An orc priest (D:4)
  A centaur skeleton (D:4)
  2 iguanas
  4 orc wizards
  5 adders
  A shadow imp (D:6)
  A white imp (D:4)
  An ufetubus (D:5)
  6 worms
  5 dart slugs
  24 orcs
  11 ball pythons
  3 bat zombies (D:5)
  5 endoplasms
  A giant cockroach (D:1)
  4 goblins
  8 hobgoblins
  2 quokkas
  6 bats
  2 frilled lizards (D:1)
  7 kobolds
  4 rats
  3 rat zombies (D:5)
118 creatures vanquished.

Notes
Turn   | Place    | Note
-------+----------+-------------------------------------------
     0 | D:1      | RedPan the Demonspawn Ice Elementalist began the quest for
                  | the Orb.
     0 | D:1      | Reached XP level 1. HP: 13/13 MP: 3/3
   416 | D:1      | Gained mutation: You have large cloven feet. [demonic
                  | ancestry]
   416 | D:1      | Reached XP level 2. HP: 19/19 MP: 3/5
  1450 | D:1      | Gained mutation: You regenerate magic rapidly. [demonic
                  | ancestry]
  1450 | D:1      | Reached XP level 3. HP: 21/24 MP: 1/6
  1761 | D:2      | Learned a level 3 spell: Frozen Ramparts
  1809 | D:2      | Learned a level 3 spell: Ozocubu's Armour
  2123 | D:2      | Got the Guide on Enchantment
  2343 | D:2      | Reached XP level 4. HP: 14/30 MP: 0/8
  2905 | D:2      | Identified a scroll of acquirement
  2905 | D:2      | Acquired a ring of protection from cold
  3173 | D:3      | Found a sparkling altar of Nemelex Xobeh.
  3437 | D:3      | Reached skill level 1 in Conjurations
  3674 | D:4      | Gained mutation: When hurt, damage is shared between your
                  | health and your magic reserves. [demonic ancestry]
  3674 | D:4      | Reached XP level 5. HP: 26/35 MP: 6/10
  4096 | D:4      | Found Banatwi's Distillery.
  4101 | D:4      | Bought a potion of attraction for 42 gold pieces
  4101 | D:4      | Bought a potion of ambrosia for 112 gold pieces
  4101 | D:4      | Bought a potion of degeneration for 14 gold pieces
  4139 | D:4      | Found a shadowy altar of Dithmenos.
  4380 | D:4      | Found a blossoming altar of Fedhas.
  4577 | D:4      | Gained mutation: When low on magic, you restore magic in
                  | place of health. [demonic ancestry]
  4577 | D:4      | Reached XP level 6. HP: 41/41 MP: 8/12
  4707 | D:4      | Reached skill level 1 in Shields
  5432 | D:5      | Entered Level 5 of the Dungeon
  5440 | D:5      | Found Mirr's Magic Scroll Emporium.
  5455 | D:5      | Bought a scroll of teleportation for 33 gold pieces
  5455 | D:5      | Bought a scroll of identify for 22 gold pieces
  5510 | D:5      | Reached skill level 5 in Ice Magic
  5957 | D:5      | Found Nomibb's Armour Shop.
  5976 | D:5      | Gained mutation: You have sharp fingernails. [demonic
                  | ancestry]
  5976 | D:5      | Reached XP level 7. HP: 45/46 MP: 9/14
  6020 | D:5      | Found Doallogh's Weapon Boutique.
  6182 | D:5      | Found Seugixop's Jewellery Shop.
  6405 | D:5      | Found an ancient bone altar of Kikubaaqudgha.
  6413 | D:5      | Became a worshipper of Kikubaaqudgha
  6450 | D:6      | Found Xosixta's General Store.
  6455 | D:6      | Bought a scroll of identify for 26 gold pieces
  6530 | D:6      | Reached skill level 5 in Spellcasting
  6545 | D:6      | Noticed Maggie
  6568 | D:6      | Killed Maggie
  6888 | D:6      | Reached skill level 1 in Maces & Flails
  6888 | D:6      | Gained mutation: You have a pair of small antennae on your
                  | head. [demonic ancestry]
  6888 | D:6      | Reached XP level 8. HP: 48/53 MP: 12/15
  7080 | D:6      | Reached skill level 1 in Fighting
  7437 | D:6      | Found a staircase to the Ecumenical Temple.
  7444 | D:6      | Noticed a boulder beetle
  7662 | D:6      | Acquired the +5 hat "Akediysa" {rCorr Str+2}
  7718 | D:6      | Slain by a boulder beetle

Illustrated notes

Levels and vault maps discovered:
D:1:      dpeg_arrival_radiant, layout_basic, chequers_jeans
D:2:      layout_basic
D:3:      layout_rooms, mainiacjoe_overflow_boulevard, st_stairs_6
D:4:      layout_cave_pools, mainiacjoe_overflow_catch_the_wave, serial_shops,
          kennysheep_little_box, minmay_manual_mess
D:5:      layout_cave_pools, lemuel_zombie_altar_kikubaaqudgha, serial_shops,
          nicolae_shop_stone, nicolae_stop_n_shop_1, nicolae_lakefront_shop,
          nicolae_shop_crystal
D:6:      layout_loops_cross, elyvilon_altar_4, minmay_temple_entry_wispy,
          serial_shops, shop, uniq_maggie

Skill      XL: |  1  2  3  4  5  6  7  8 |
---------------+-------------------------+-----
Stealth        | 2 |  2.0
Dodging        | 2 |  2.0
Ice Magic      | 4 5 |  5.9
Spellcasting   | 3 4 5 |  5.0
Conjurations   | 1 2 3 |  3.0
Shields        | 1 3 |  3.8
Necromancy     | 2 3 |  3.1
Maces & Flails | 1 2 |  2.2
Fighting       | 1 |  1.5

Action                   |  1- 3 |  4- 6 |  7- 9 || total
-------------------------+-------+-------+-------++-------
Melee: Unarmed           |    20 |       |       ||    20
       Dagger            |    60 |    30 |       ||    90
       Kick              |    11 |       |       ||    11
       Mace              |       |    35 |    58 ||    93
 Cast: Freeze            |    55 |    79 |    27 ||   161
       Frozen Ramparts   |     2 |    11 |     4 ||    17
       Ozocubu's Armour  |       |     2 |     4 ||     6
Evoke: Wand              |       |       |     9 ||     9
  Use: Scroll            |     4 |     7 |     7 ||    18
       Potion            |       |     3 |     2 ||     5
 Stab: Sleeping          |     5 |       |     2 ||     7
Armor: Robe              |    25 |    31 |     4 ||    60
       Swamp dragon scal |       |       |    35 ||    35
Dodge: Dodged            |    71 |    83 |    41 ||   195
Block: Buckler           |       |    20 |    15 ||    35
